 Dungeon Crawl Stone Soup version 0.27.0-1-g7a089689b8 (webtiles) character file.

Game seed: 14830980421175166270

664 epicjoe the Chopper (level 7, -9/60 HPs)
             Began as a Minotaur Fighter on Aug 1, 2021.
             Was an Initiate of Fedhas.
             Mangled by a polar bear (23 damage)
             ... created by the rage of Trog
             ... on level 5 of the Dungeon.
             The game lasted 00:20:33 (3850 turns).

epicjoe the Chopper (Minotaur Fighter)              Turns: 3850, Time: 00:20:33

Health: -9/60      AC: 11    Str: 25    XL:     7   Next: 31%
Magic:  6/6        EV:  7    Int:  5    God:    Fedhas [......]
Gold:   118        SH: 10    Dex:  9    Spells: 6/6 levels left

rFire    . . .     SeeInvis .   a - +0 war axe
rCold    . . .     Faith    .   c - +0 kite shield
rNeg     . . .     Spirit   .   b - +0 chain mail
rPois    .         Reflect  .   (helmet restricted)
rElec    .         Harm     .   o - +0 cloak
rCorr    .         Rampage  .   (no gloves)
Will     .....                  (no boots)
Stlth    ..........             (no amulet)
HPRegen  0.20/turn              (no ring)
MPRegen  0.10/turn              (no ring)

@: no status effects
A: horns 2, retaliatory headbutt, strong 1
a: Renounce Religion


You were on level 5 of the Dungeon.
You worshipped Fedhas.
Fedhas was noncommittal.
You visited 2 branches of the dungeon, and saw 7 of its levels.

You collected 118 gold pieces.

Inventory:

Hand Weapons
 a - a +0 war axe (weapon)
Missiles
 k - 2 atropa-tipped darts
Armour
 b - a +0 chain mail (worn)
 c - a +0 kite shield (worn)
 g - a +0 cloak
 o - a +0 cloak (worn)
Jewellery
 j - a ring of protection from fire
Wands
 r - a wand of iceblast (8)
 t - a wand of flame (14) (quivered)
Scrolls
 e - a scroll of noise {unknown}
 f - a scroll of magic mapping {unknown}
 h - 5 scrolls of identify {unknown}
 i - 2 scrolls of enchant weapon {unknown}
 m - 2 scrolls of teleportation {unknown}
 q - a scroll of torment {unknown}
 s - a scroll of silence {unknown}
Potions
 d - a potion of might
 l - a potion of ambrosia {unknown}
 n - a potion of invisibility {unknown}
 p - a potion of curing


   Skills:
 + Level 4.9 Fighting
 + Level 6.5 Axes
 + Level 5.2 Armour
 + Level 2.0 Dodging
 + Level 0.2 Stealth
 + Level 5.7 Shields


You had 6 spell levels left.
You didn't know any spells.
Your spell library was empty.

Dungeon Overview and Level Annotations

Branches:
Dungeon (6/15)             Temple (1/1) D:4

Altars:
Ashenzari
Elyvilon
Fedhas
Makhleb
Qazlal
Ru
Sif Muna
Trog
Vehumet
Wu Jian
Yredelemnul

Shops:
D:2 =


Innate Abilities, Weirdness & Mutations

You have a pair of horns on your head.
You reflexively headbutt those who attack you in melee.
Your muscles are strong. (Str +2)


Message History

You enter the transporter and appear at another place.
The black bear bites you but does no damage.
The black bear barely misses you.
The black bear claws you but does no damage.
You block the black bear's attack. x3
The black bear bites the plant!
The plant begins to die.
The black bear claws the plant. x2
The black bear rages.
The black bear bites the plant!
The black bear claws the plant.
The black bear claws the plant!
The polar bear barely misses you.
The polar bear claws you but does no damage.
You block the polar bear's attack.
Okay, then.
The black bear bites the plant!
The black bear claws the plant. x2
The black bear rages.
The black bear bites the plant!
The black bear claws the plant!
The black bear claws the plant.
The polar bear bites you! You block the polar bear's attack.
The polar bear claws you.
The black bear bites the plant!
The black bear claws the plant. x2
The polar bear rages.
The black bear bites the plant!
The black bear claws the plant.
The black bear claws the plant!
A nearby plant withers and dies.
You block the polar bear's attack.
The polar bear claws you but does no damage. x2
Found 25 arrows.
The polar bear rages.
The polar bear bites you! You block the polar bear's attack.
The polar bear claws you but does no damage.
Found 14 gold pieces.
The polar bear rages.
The polar bear rages.
You block the polar bear's attack. The polar bear claws you.
You block the polar bear's attack. The polar bear bites you!!
* * * LOW HITPOINT WARNING * * *
The polar bear claws you.
* * * LOW HITPOINT WARNING * * *
The polar bear closely misses you. The polar bear bites you!!
You die...
Fedhas appreciates your contribution to the ecosystem.

#.# ##...#........
#..####....(....>..[
#......©...........
#...#######........
#..#.#8.©.8#........
####$ #.#≈...≈#........
..#..##.###'###........
..(.....#≈...≈#........
.......@#≈...≈#........
......hh#≈≈≈≈≈#........
.......h#≈≈⌠≈≈#........
........#≈≈P≈≈#......>.
.....$..#≈P≈≈≈#........
........#≈≈≈≈≈#........
........###'###........
#.......#h...P#........
#.......#8.©.8#.#......


You could see 2 polar bears and 2 black bears.

Vanquished Creatures
  A centaur (D:4)
  A water moccasin skeleton (D:4)
  3 electric eels (D:5)
  2 hounds (D:4)
  5 orc priests (D:4)
  Robin (D:2)
  4 gnolls (D:2)
  6 adders
  4 worms
  A dart slug (D:2)
  7 orcs
  11 ball pythons
  6 endoplasms
  3 giant cockroaches
  8 goblins
  12 hobgoblins
  4 jackals (D:3)
  11 kobolds
  3 quokkas
  5 bats
  2 frilled lizards
  5 rats
105 creatures vanquished.

Vanquished Creatures (others)
  9 demonic plants (D:1)
  A fungus (D:1)
  13 plants
  2 withered plants (D:1)
25 creatures vanquished.

Grand Total: 130 creatures vanquished

Notes
Turn   | Place    | Note
-------+----------+-------------------------------------------
     0 | D:1      | epicjoe the Minotaur Fighter began the quest for the Orb.
     0 | D:1      | Reached XP level 1. HP: 19/19 MP: 0/0
   215 | D:1      | Reached XP level 2. HP: 26/27 MP: 1/1
   473 | D:1      | Found a faded altar of an unknown god.
   599 | D:1      | Became a worshipper of Trog the Wrathful
   599 | D:1      | Reached * piety under Trog
   805 | D:1      | Reached XP level 3. HP: 32/33 MP: 2/2
   952 | D:2      | Reached skill level 3 in Axes
   958 | D:2      | Reached XP level 4. HP: 37/40 MP: 3/3
  1012 | D:2      | Reached skill level 4 in Axes
  1097 | D:2      | Reached ** piety under Trog
  1331 | D:2      | Found Ofiaxaut's Jewellery Boutique.
  1382 | D:3      | Noticed Robin
  1393 | D:2      | Killed Robin
  1796 | D:3      | Reached XP level 5. HP: 46/46 MP: 4/4
  1841 | D:4      | Noticed a centaur
  1852 | D:4      | Killed a centaur
  1853 | D:4      | Reached skill level 5 in Axes
  2394 | D:4      | Reached *** piety under Trog
  2395 | D:4      | Reached skill level 5 in Shields
  2499 | D:4      | Reached XP level 6. HP: 30/53 MP: 5/5
  2511 | D:4      | Reached skill level 1 in Dodging
  2519 | D:4      | Gained mutation: Your body sometimes deteriorates upon
                  | taking damage. [potion of mutation]
  2519 | D:4      | Lost mutation: Your body sometimes deteriorates upon taking
                  | damage. [potion of mutation]
  2519 | D:4      | Gained mutation: Your muscles are strong. (Str +2) [potion
                  | of mutation]
  2735 | D:4      | Reached skill level 6 in Axes
  2735 | D:4      | Reached skill level 5 in Armour
  2761 | D:4      | Found a burning altar of Makhleb.
  2897 | D:5      | Entered Level 5 of the Dungeon
  2991 | D:4      | Found a staircase to the Ecumenical Temple.
  2994 | D:4      | Reached XP level 7. HP: 60/60 MP: 6/6
  2998 | Temple   | Entered the Ecumenical Temple
  3004 | Temple   | Fell from the grace of Trog
  3004 | Temple   | Became a worshipper of Fedhas Madash
  3303 | D:5      | Found a transporter.
  3322 | D:5      | Found a transporter.
  3540 | D:5      | HP: 3/60 [electric eel/bolt of electricity (12)]
  3837 | D:5      | Noticed a polar bear
  3837 | D:5      | Noticed a polar bear
  3850 | D:5      | Mangled by a polar bear

Illustrated notes

Levels and vault maps discovered:
D:1:      dpeg_arrival_refuge, layout_basic, shapermc_ecumenical_altar_gd,
          minmay_shallow_snake_nest
D:2:      layout_basic, serial_shops, nicolae_diamond_shop, amethyst_killhole,
          kennysheep_big_empty_room, serial_bayou_lake_a
D:3:      layout_loops_ring, uniq_robin
D:4:      layout_basic, makhleb_heckhound_becter,
          minmay_temple_entry_proselytizer
D:5:      gammafunk_steamed_eel, layout_cave_pods, grunt_decor_resistance,
          uniq_crazy_yiuf_cottage, uniq_eustachio
D:6:      layout_loops_corners, kb_lookout_dungeons_type, uniq_blork_the_orc
Temple:   eino_temple_rhombus

Skill      XL: |  1  2  3  4  5  6  7 |
---------------+----------------------+-----
Armour         | 4 5 |  5.2
Shields        | 4 5 |  5.7
Fighting       | 4 |  4.9
Axes           | 3 4 5 6 |  6.5
Dodging        | 1 2 |  2.0
Stealth        | |  0.2

Action                   |  1- 3 |  4- 6 |  7- 9 || total
-------------------------+-------+-------+-------++-------
Melee: War axe           |    63 |   178 |    17 ||   258
       Headbutt          |     8 |    25 |       ||    33
Invok: Berserk           |     1 |     1 |       ||     2
       Trog's Hand       |       |     3 |       ||     3
Evoke: Wand              |       |       |     4 ||     4
  Use: Potion            |       |     5 |       ||     5
Armor: Scale mail        |    31 |       |       ||    31
       Chain mail        |       |    99 |    14 ||   113
       Skin              |       |    32 |       ||    32
Dodge: Dodged            |    18 |    48 |    10 ||    76
Block: Kite shield       |    36 |   114 |    12 ||   162
